 Dungeon Crawl Stone Soup version 0.29.1-13-g9f3cf754e1 (webtiles) character file.

Game seed: 16144288393969948068

40716 pilgrim the Nimble (level 14, 0/88 HPs)
             Began as a Tengu Air Elementalist on Feb 10, 2023.
             Was a High Priest of Vehumet.
             Slain by a slime creature (12 damage)
             ... on level 1 of the Pits of Slime.
             The game lasted 01:05:37 (25405 turns).

pilgrim the Nimble (Tengu Air Elementalist)        Turns: 25405, Time: 01:05:38

Health: 0/88       AC: 12    Str: 11    XL:     14   Next: 12%
Magic:  23/28      EV:  7    Int: 22    God:    Vehumet [*****.]
Gold:   789        SH: 17    Dex: 15    Spells: 22/32 levels left

rFire   . . .      SeeInvis .   s - staff of air
rCold   + . .      Faith    .   o - +1 kite shield of Dawn {Will+ Dex-5 Slay+2}
rNeg    . . .      Spirit   .   E - +0 chain mail of the Vaults {+Blink Str+2 Stlth+}
rPois   .          Reflect  +   j - +1 hat
rElec   +          Harm     .   p - +1 cloak
rCorr   +          Rampage  .   z - +0 pair of gloves
Will    ++++.                   (boots unavailable)
Stlth   ..........              L - amulet of reflection
HPRegen 0.24/turn               C - ring "Ighopawn" {Will+ rCorr}
MPRegen 0.21/turn               n - ring "Docue" {rC+ Will+ Int+4 Dex+3 Stlth-}

@: flying quickly and evasively, very slightly contaminated, quick
A: beak, talons 3, nimble flight
a: Renounce Religion, Evoke Blink


You were on level 1 of the Pits of Slime.
You worshipped Vehumet.
Vehumet was extremely pleased with you.
You visited 5 branches of the dungeon, and saw 18 of its levels.
You also visited: Sewer and Bailey.

You collected 1779 gold pieces.
You spent 990 gold pieces at shops.

Inventory:

Hand Weapons
 l - a +3 dagger of venom
Armour
 a - +0 steam dragon scales
 j - a +1 hat (worn)
 o - the +1 kite shield of Dawn (worn) {Will+ Dex-5 Slay+2}
   (You acquired it on level 7 of the Dungeon)

   Dex:       It affects your dexterity (-5).
   Slay:      It affects your accuracy & damage with ranged weapons and melee
   (+2).
   Will:      It increases your willpower.
 p - a +1 cloak (worn)
 z - a +0 pair of gloves (worn)
 E - the +0 chain mail of the Vaults (worn) {+Blink Str+2 Stlth+}
   (You found it in a bailey)

   Str:       It affects your strength (+2).
   +Blink:    It lets you blink.
   Stlth:     It makes you more stealthy.
 K - a +0 troll leather armour
Magical Staves
 s - a staff of air (weapon)
Jewellery
 n - the ring "Docue" (right hand) {rC+ Will+ Int+4 Dex+3 Stlth-}
   (You acquired it on level 7 of the Dungeon)

   [ring of protection from cold]

   Int:       It affects your intelligence (+4).
   Dex:       It affects your dexterity (+3).
   rC:        It protects you from cold.
   Will:      It increases your willpower.
   Stlth:     It makes you less stealthy.
 w - an amulet of the acrobat
 C - the ring "Ighopawn" (left hand) {Will+ rCorr}
   (You bought it in a shop on level 3 of the Dungeon)

   [ring of resist corrosion]

   rCorr:     It protects you from acid and corrosion.
   Will:      It increases your willpower.
 J - a ring of positive energy
 L - an amulet of reflection (around neck)
Wands
 y - a wand of flame (10)
 B - a wand of roots (13)
 G - a wand of quicksilver (18)
 N - a wand of paralysis (1)
 Q - a wand of digging (11)
Scrolls
 e - 3 scrolls of noise
 f - a scroll of silence
 g - 5 scrolls of magic mapping
 h - 13 scrolls of teleportation
 q - 6 scrolls of butterflies
 r - 3 scrolls of poison
 A - a scroll of enchant weapon
 F - 2 scrolls of fear
 I - a scroll of immolation
 M - a scroll of blinking
 O - a scroll of amnesia {unknown}
Potions
 b - 2 potions of magic
 d - 6 potions of degeneration
 i - 4 potions of curing
 k - 2 potions of resistance
 m - 3 potions of invisibility
 t - 4 potions of brilliance
 u - a potion of mutation
 v - a potion of cancellation
 x - a potion of lignification
 D - a potion of heal wounds
 P - a potion of might
Miscellaneous
 c - a phial of floods
 H - a box of beasts


   Skills:
 + Level 10.5 Fighting
 + Level 7.1 Staves
 + Level 11.7 Dodging
 - Level 2.0 Stealth
 + Level 7.9 Shields
 + Level 9.9 Spellcasting
 - Level 10.0 Conjurations
 + Level 11.1 Air Magic
 + Level 6.3 Evocations


You had 22 spell levels left.
You knew the following spells:

 Your Spells              Type           Power      Damage    Failure   Level
a - Shock                 Conj/Air       100%       1d9       3%          1
b - Static Discharge      Conj/Air       72%        3-12/arc  5%          2
c - Airstrike             Air            37%        2d(6-22)  24%         4
d - Swiftness             Air            74%        N/A       30%         3

Your spell library contained the following spells:

 Spells                   Type           Power      Damage    Failure   Level
 Lee's Rapid Deconstruct  Erth           5%         3d7*      100%        5
 Stone Arrow              Conj/Erth      64%        3d11      65%         3
 Tukima's Dance           Hex            10%        N/A       100%        3
 Animate Armour           Summ/Erth      20%        N/A       100%        4
 Passage of Golubria      Tloc           10%        N/A       100%        4
 Blade Hands              Tmut           5%         N/A       100%        5
 Yara's Violent Unravell  Hex/Tmut       5%         3d4       100%        5
 Dispersal                Tloc           5%         N/A       100%        6
 Iron Shot                Conj/Erth      16%        9d4       100%        6
 Borgnjor's Revivificati  Necr           5%         N/A       100%        8
 Disjunction              Tloc           5%         N/A       100%        8
 Lehudib's Crystal Spear  Conj/Erth      16%        10d5      100%        8
 Necromutation            Tmut/Necr      5%         N/A       100%        8
 Death's Door             Necr           5%         N/A       100%        9


Dungeon Overview and Level Annotations

Branches:
Dungeon (10/15)            Temple (1/1) D:5            Lair (4/5) D:9
  Swamp (0/4) Lair:3       Spider (0/4) Lair:3        Slime (1/5) Lair:4
    Orc (2/2) D:9             Elf (0/3) Orc:2         Sewer (visited)
 Bailey (visited)

Altars:
Ashenzari
Cheibriados
Dithmenos
Elyvilon
Fedhas
Gozag
Hepliaklqana
Kikubaaqudgha
Makhleb
Nemelex Xobeh
Okawaru
Qazlal
Ru
Sif Muna
Trog
Uskayaw
Vehumet
Wu Jian
Xom
Yredelemnul
Zin
The Shining One
Jiyva

Shops:
D:3 =   D:10 (   Orc:2 [:=???

Annotations:
D:7 Joseph, Pikel
Lair:1 exclusion: oklob plant
Lair:3 2 transporters, exclusion: oklob plant, Feulaj's ghost, journeyman MiBe


Innate Abilities, Weirdness & Mutations

You have a beak for a mouth.
You have claws for feet.
Your magical nature lets you fly swiftly and evasively.


Message History

Confirm with . or Enter, or press ? or * to list all spells.
You feel a surge of power!
The slime creature is struck by an arc of lightning!
The slime creature is almost dead.
You resist.
You are struck by an arc of lightning.
* * * LOW HITPOINT WARNING * * *
The lightning grounds out.
The slime creature is struck by an arc of lightning!
The slime creature is heavily wounded.
You resist.
You are struck by an arc of lightning.
* * * LOW HITPOINT WARNING * * *
The slime creature is struck by an arc of lightning.
The slime creature is moderately wounded.
You resist.
You are struck by an arc of lightning.
* * * LOW HITPOINT WARNING * * *
The slime creature is struck by an arc of lightning!
The slime creature is heavily wounded.
You resist.
You are struck by an arc of lightning.
* * * LOW HITPOINT WARNING * * *
The slime creature is struck by an arc of lightning!
The slime creature is heavily wounded.
The lightning grounds out.
You block the slime creature's attack. The slime creature hits you.
* * * LOW HITPOINT WARNING * * *
The slime creature barely misses you. The slime creature hits you!
* * * LOW HITPOINT WARNING * * *
Casting: Static Discharge (safe; 5% risk of failure)
Confirm with . or Enter, or press ? or * to list all spells.
You feel a surge of power!
You miscast Static Discharge.
Nothing appears to happen.
You block the slime creature's attack. The slime creature hits you.
* * * LOW HITPOINT WARNING * * *
You block the slime creature's attack.
The slime creature hits you but does no damage.
Why would you want to do that?
You feel much better. You block the slime creature's attack.
The slime creature hits you!
* * * LOW HITPOINT WARNING * * *
The slime creature hits you!
You die...

....## #....##
....#.### .
........# ...
##........
....##.........
...............
......J@J......
......J.J......
...............
##....>.....#.#
#.............
...............
.#.............
.#......#.#...


You could see 4 slime creatures.

Vanquished Creatures
  A catoblepas (Lair:3)
  2 hydras
  A two-headed ogre (Orc:2)
  2 orc high priests (Orc:2)
  5 orc knights
  A deep elf pyromancer (Bailey)
  5 orc sorcerers (Orc:2)
  A wolf spider (Lair:3)
  6 black mambas
  5 elephants
  9 cane toads
  A rime drake (Lair:1)
  6 komodo dragons
  3 trolls
  A hornet (Lair:2)
  Grinder (D:5)
  A tyrant leech (Lair:3)
  A polar bear (Lair:2)
  3 slime creatures (Slime:1)
  16 blink frogs
  2 culicivoras (Lair:3)
  A shadow (D:9)
  3 wyverns
  53 yaks
  4 basilisks
  A steam dragon (D:9)
  4 vampire mosquitoes (D:10)
  2 redbacks (Lair:3)
  2 wargs
  Menkaure (D:7)
  4 swamp worms
  An acid dragon (D:9)
  8 water moccasins
  2 ice beasts
  27 orc warriors
  2 sky beasts
  A black bear (Lair:1)
  6 ogres
  3 centaurs
  5 wolves (Lair:2)
  2 phantoms
  6 kobold brigands
  A gnoll sergeant (D:6)
  9 bullfrogs
  A scorpion (D:5)
  4 wights
  13 killer bees
  A howler monkey (D:7)
  2 hounds
  2 gnoll boudas
  13 orc priests
  2 jellies
  4 iguanas
  15 orc wizards
  13 gnolls
  9 adders
  A white imp (D:6)
  2 ufetubi
  A dart slug (D:2)
  53 orcs
  6 ball pythons
  6 endoplasms
  7 giant cockroaches
  11 goblins
  8 hobgoblins
  3 jackals (D:3)
  4 quokkas (D:4)
  6 bats
  3 frilled lizards
  52 kobolds
  8 rats
471 creatures vanquished.

Vanquished Creatures (others)
  An orc wizard (D:7)
  A bush (Lair:2)
  28 fungi
  36 plants
66 creatures vanquished.

Grand Total: 537 creatures vanquished

Notes
Turn   | Place    | Note
-------+----------+-------------------------------------------
     0 | D:1      | pilgrim the Tengu Air Elementalist began the quest for the
                  | Orb.
     0 | D:1      | Reached XP level 1. HP: 10/10 MP: 4/4
    59 | D:1      | Found a faded altar of an unknown god.
   289 | D:1      | Reached XP level 2. HP: 15/16 MP: 0/6
  1295 | D:2      | Reached skill level 1 in Fighting
  1324 | D:2      | Reached XP level 3. HP: 4/20 MP: 0/7
  1945 | D:2      | Found a radiant altar of Vehumet.
  1989 | D:2      | Became a worshipper of Vehumet
  2429 | D:3      | Reached XP level 4. HP: 23/25 MP: 8/8
  2567 | D:3      | Found Gaitt's Jewellery Shop.
  3216 | D:3      | Learned a level 2 spell: Static Discharge
  3651 | D:3      | Reached * piety under Vehumet
  3651 | D:3      | Offered knowledge of Magic Dart by Vehumet.
  3879 | D:4      | Gained mutation: Your magical nature lets you fly swiftly
                  | and evasively. [Tengu growth]
  3879 | D:4      | Reached XP level 5. HP: 29/30 MP: 10/10
  3907 | D:4      | Found a glowing drain.
  3924 | Sewer    | Entered a sewer
  4005 | Sewer    | Noticed a kobold brigand
  4011 | Sewer    | Killed a kobold brigand
  4260 | Sewer    | Noticed a kobold brigand
  4264 | Sewer    | Killed a kobold brigand
  4265 | Sewer    | Reached XP level 6. HP: 25/36 MP: 4/12
  4266 | Sewer    | Offered knowledge of Freeze by Vehumet.
  4412 | Sewer    | Reached ** piety under Vehumet
  4570 | D:4      | Found a sacrificial altar of Ru.
  5087 | D:4      | Offered knowledge of Stone Arrow by Vehumet.
  5145 | D:4      | Reached XP level 7. HP: 20/41 MP: 8/13
  5679 | D:5      | Entered Level 5 of the Dungeon
  6106 | D:5      | Reached skill level 5 in Dodging
  6309 | D:5      | Noticed Grinder
  6324 | D:5      | Killed Grinder
  6325 | D:5      | Reached XP level 8. HP: 29/48 MP: 5/15
  6524 | D:5      | Found a staircase to the Ecumenical Temple.
  6534 | Temple   | Entered the Ecumenical Temple
  6823 | D:5      | Found a blossoming altar of Fedhas.
  6864 | D:5      | Found a hide-covered altar of Uskayaw.
  6865 | D:5      | Found a burning altar of Makhleb.
  6867 | D:5      | Found a bloodstained altar of Trog.
  6868 | D:5      | Found a shimmering altar of Xom.
  6870 | D:5      | Found an opulent altar of Gozag.
  7037 | D:5      | Reached skill level 5 in Fighting
  7037 | D:5      | Reached skill level 5 in Spellcasting
  7190 | D:6      | Reached *** piety under Vehumet
  8345 | D:3      | Bought the ring "Ighopawn" {Will+ rCorr} for 358 gold
                  | pieces
  8645 | D:6      | Reached XP level 9. HP: 40/55 MP: 7/18
  9230 | D:7      | Offered knowledge of Sticky Flame by Vehumet.
  9373 | D:7      | Identified 2 scrolls of acquirement
  9373 | D:7      | Acquired the ring "Docue" {rC+ Will+ Int+4 Dex+3 Stlth-}
  9504 | D:7      | Acquired the +1 kite shield of Dawn {Will+ Dex-5 Slay+2}
  9561 | D:7      | Noticed Menkaure
  9567 | D:7      | Killed Menkaure
  9936 | D:7      | Reached skill level 1 in Shields
 10019 | D:7      | Noticed Joseph
 10024 | D:7      | Noticed Pikel
 10361 | D:8      | Reached skill level 5 in Air Magic
 10534 | D:8      | Found a flagged portal.
 10541 | D:8      | Reached **** piety under Vehumet
 10548 | D:8      | Reached skill level 5 in Conjurations
 10556 | D:8      | HP: 1/57 [/static electricity (3)]
 10558 | D:8      | Reached XP level 10. HP: 1/63 MP: 10/21
 10559 | Bailey   | Entered a bailey
 10875 | Bailey   | Learned a level 4 spell: Airstrike
 10879 | Bailey   | Learned a level 3 spell: Swiftness
 11140 | Bailey   | Offered knowledge of Dazzling Flash by Vehumet.
 11140 | Bailey   | Noticed an orc knight
 11562 | Bailey   | Killed an orc knight
 11678 | Bailey   | Found a large runed translucent door.
 11678 | Bailey   | Found a large runed translucent door.
 11679 | Bailey   | Noticed a deep elf pyromancer
 11741 | Bailey   | Killed a deep elf pyromancer
 11743 | Bailey   | Identified the +0 chain mail of the Vaults {+Blink Str+2
                  | Stlth+}
 12281 | D:8      | Found a sparkling altar of Nemelex Xobeh.
 12382 | D:9      | Found a staircase to the Orcish Mines.
 13060 | D:9      | HP: 2/64 [/static electricity (5)]
 13408 | D:9      | Reached XP level 11. HP: 30/68 MP: 16/23
 13666 | D:9      | Found a staircase to the Lair.
 13777 | Lair:1   | Entered Level 1 of the Lair of Beasts
 13808 | D:10     | Entered Level 10 of the Dungeon
 13849 | D:10     | Reached ***** piety under Vehumet
 13923 | D:10     | Offered knowledge of Fireball by Vehumet.
 13985 | D:10     | Reached skill level 1 in Staves
 13985 | D:10     | Reached skill level 1 in Evocations
 14523 | D:10     | Found Xadixzit's Antique Weapon Shoppe.
 14527 | D:10     | Identified the +7 ring mail of Ibecvuwao {Harm}
 14764 | D:3      | Bought an amulet of reflection for 330 gold pieces
 14986 | Orc:1    | Entered Level 1 of the Orcish Mines
 15190 | Orc:2    | Entered Level 2 of the Orcish Mines
 15798 | Orc:1    | You are sucked into a shaft and drop 1 floor!
 15798 | Orc:2    | Found Dyirgh's Self-Improvement Boutique.
 16082 | Orc:2    | Found a staircase to the Elven Halls.
 16283 | Orc:2    | Found Wuupsy's Armour Shop.
 16463 | Orc:2    | Noticed an orc sorcerer
 16518 | Orc:2    | Noticed a sixfirhy
 16556 | Orc:2    | Killed an orc sorcerer
 16557 | Orc:2    | Reached skill level 5 in Shields
 16640 | Orc:2    | Noticed a two-headed ogre
 16643 | Orc:2    | Killed a two-headed ogre
 16981 | Orc:2    | Found Ynon Jio's Magic Scroll Emporium.
 16984 | Orc:2    | Noticed an orc knight
 16986 | Orc:2    | Noticed an orc knight
 16987 | Orc:2    | Noticed an orc high priest
 16995 | Orc:2    | Noticed an orc knight
 16996 | Orc:2    | Noticed an orc sorcerer
 17052 | Orc:2    | Killed an orc knight
 17054 | Orc:2    | Reached skill level 10 in Dodging
 17423 | Orc:2    | Noticed an orc sorcerer
 17425 | Orc:2    | Noticed a sixfirhy
 17425 | Orc:2    | Killed an orc sorcerer
 17426 | Orc:2    | Reached XP level 12. HP: 75/75 MP: 18/25
 17962 | Orc:2    | Noticed an orc high priest
 18142 | Orc:2    | Killed an orc high priest
 18147 | Orc:2    | Killed an orc high priest
 18969 | Orc:2    | Found Ymuedgh's Magic Scroll Boutique.
 19039 | Orc:2    | Found Kuehy's Magic Scroll Boutique.
 19041 | Orc:2    | Found Ozaduthre's Jewellery Emporium.
 19047 | Orc:2    | Bought a scroll of teleportation for 36 gold pieces
 19047 | Orc:2    | Bought a scroll of teleportation for 36 gold pieces
 19068 | Orc:2    | Bought a scroll of teleportation for 33 gold pieces
 19068 | Orc:2    | Bought a scroll of teleportation for 33 gold pieces
 19068 | Orc:2    | Bought a scroll of blinking for 82 gold pieces
 19068 | Orc:2    | Bought a scroll of magic mapping for 82 gold pieces
 20454 | Lair:1   | Reached skill level 5 in Staves
 20561 | Lair:1   | Noticed a four-headed hydra
 20569 | Lair:1   | Killed a four-headed hydra
 21017 | Lair:1   | Reached XP level 13. HP: 33/80 MP: 23/27
 21398 | Lair:2   | Reached skill level 10 in Conjurations
 21502 | Lair:2   | Offered knowledge of Irradiate by Vehumet.
 21517 | Lair:2   | Reached skill level 10 in Air Magic
 21517 | Lair:2   | Reached skill level 5 in Evocations
 22347 | Lair:3   | Reached skill level 10 in Fighting
 23015 | Lair:2   | You are sucked into a shaft and drop 1 floor!
 23650 | Lair:3   | Found a transporter.
 23717 | Lair:3   | Noticed Feulaj's ghost (journeyman MiBe)
 23802 | Lair:3   | Found a staircase to the Swamp.
 24051 | Lair:3   | Found a transporter.
 24212 | Lair:2   | Reached XP level 14. HP: 88/88 MP: 28/28
 24584 | Lair:3   | Found a hole to the Spider Nest.
 24948 | Lair:4   | Found a viscous altar of Jiyva.
 24948 | Lair:4   | Found a staircase to the Slime Pits.
 25393 | Slime:1  | Entered Level 1 of the Pits of Slime
 25402 | Slime:1  | Offered knowledge of Lee's Rapid Deconstruction by Vehumet.
 25404 | Slime:1  | HP: 3/88 [slime creature (4)]
 25405 | Slime:1  | Slain by a slime creature

Illustrated notes

Levels and vault maps discovered:
D:1:      elethiomel_arrival_fortress_basement, layout_loops_ring,
          dreamdust_ecumenical_altar_grove
D:2:      layout_loops_cross, basic_altar, kennysheep_generic_room_5
D:3:      layout_loops_corners, serial_shops, nicolae_shop_waterfront
D:4:      layout_loops_corners, nicolae_ru_awakened_eye, gup_sewer_entry_pipe,
          grunt_ministairs_12, minmay_misc_feat_square
D:5:      layout_gridville, grunt_temple_overflow_open, fedhas_altar_4,
          minmay_temple_entry_arrows, uniq_grinder
D:6:      layout_rooms, nrook_uturn, st_stairs_5, nicolae_sextant,
          nicolae_concentric_dashed_squares_wild
D:7:      layout_layer_cave, uniq_pikel, uniq_joseph, uniq_menkaure
D:8:      layout_rooms, nemelex_diamond_rough_becter, enter_bailey_2
D:9:      layout_basic, david_lair_shrubbed, orc_0_dummy,
          hangedman_decor_growths, kennysheep_small_square
D:10:     layout_irregular_city, serial_shops, nicolae_shop_overgrown_old_shop
Temple:   nicolae_temple_superstar
Lair:1:   layout_layer_cave, worms_lemuel
Lair:2:   layout_misc_corridors, grunt_forest_small_clearing_treed,
          grunt_megastairs_3
Lair:3:   layout_misc_corridors, minmay_swamp_entry_worms,
          spider_nest_entry_funnel_web, nzn_ghost_randoct
Lair:4:   layout_hall_layers, slime_entry_1, serial_bayou_shore_b, uniq_urug
Slime:1:  layout_caves
Orc:1:    layout_diamond_mine
Orc:2:    st_orc_elflike, layout_caves, serial_shops, shop_fountains,
          special_room, nicolae_shop_self_help

Skill      XL: |  1  2  3  4  5  6  7  8  9 10 11 12 13 14 |
---------------+-------------------------------------------+-----
Conjurations   | 2 3 4 5 7 8 9 10 | 10.0
Fighting       | 1 2 3 4 6 7 8 9 10 | 10.5
Dodging        | 3 4 5 7 8 9 10 11 | 11.7
Spellcasting   | 3 4 5 7 8 9 |  9.9
Shields        | 2 4 5 6 7 |  7.9
Air Magic      | 5 7 8 9 11 | 11.1
Staves         | 3 5 6 7 |  7.1
Evocations     | 3 4 6 |  6.3
Stealth        | |  2.0

Action                   |  1- 3 |  4- 6 |  7- 9 | 10-12 | 13-15 || total
-------------------------+-------+-------+-------+-------+-------++-------
Melee: Hand axe          |    32 |       |       |       |       ||    32
       Peck              |     5 |    10 |    26 |    41 |    27 ||   109
       Kick              |     7 |    22 |    36 |    69 |    44 ||   178
       Punch             |     1 |     1 |     1 |       |       ||     3
       Dagger            |     4 |    93 |   121 |    61 |       ||   279
       Staff             |       |       |       |   117 |   113 ||   230
 Cast: Shock             |    58 |    38 |   120 |   125 |    83 ||   424
       Static Discharge  |       |    13 |    47 |    70 |    83 ||   213
       Airstrike         |       |       |       |   113 |    35 ||   148
       Swiftness         |       |       |       |     2 |       ||     2
 Abil: Evoke Blink       |       |       |       |       |     1 ||     1
Evoke: Wand              |       |       |       |     2 |       ||     2
  Use: Scroll            |     9 |     1 |    13 |     1 |     1 ||    25
       Potion            |     1 |       |     2 |     2 |     1 ||     6
 Stab: Sleeping          |     1 |     5 |     3 |       |       ||     9
       Invisible         |       |       |       |     1 |       ||     1
Armor: Robe              |     7 |    14 |    11 |    12 |       ||    44
       Steam dragon scal |       |       |       |    16 |    10 ||    26
       Chain mail        |       |       |       |       |    12 ||    12
Dodge: Dodged            |    27 |    89 |   151 |   157 |    71 ||   495
Block: Kite shield       |       |       |    19 |   188 |   156 ||   363
       Reflection        |       |       |       |    11 |       ||    11
